 Dungeon Crawl Stone Soup version 0.28-a0-413-gde365fb1df (webtiles) character file.

Game seed: 1879903232281657504

156 zdrol the Covered (level 5, -2/47 HPs)
             Began as a Minotaur Fighter on Sept 7, 2021.
             Slain by Sigmund (14 damage)
             ... on level 4 of the Dungeon.
             The game lasted 00:14:40 (2821 turns).

zdrol the Covered (Minotaur Fighter)                Turns: 2821, Time: 00:14:40

Health: -2/47      AC: 13    Str: 26 (27) XL:     5   Next: 14%
Magic:  4/4        EV:  8    Int:  3 (5)  God:
Gold:   105        SH:  0    Dex:  7 (10) Spells: 4/4 levels left

rFire   . . .      SeeInvis .   a - +1 long sword
rCold   . . .      Faith    .   c - +0 buckler
rNeg    + . .      Spirit   .   t - +0 chain mail
rPois   .          Reflect  .   (helmet restricted)
rElec   .          Harm     .   (no cloak)
rCorr   .          Rampage  .   (no gloves)
Will    .....                   f - +2 pair of boots
Stlth   ..........              (no amulet)
HPRegen 0.15/turn               i - ring of positive energy
MPRegen 0.09/turn               n - +6 ring of strength

@: confused
A: horns 2, retaliatory headbutt
a: no special abilities


You were on level 4 of the Dungeon.
You visited 1 branch of the dungeon, and saw 4 of its levels.

You collected 105 gold pieces.

Inventory:

Hand Weapons
 a - a +1 long sword (weapon)
Missiles
 k - 6 datura-tipped darts (quivered)
 o - a throwing net
 p - 5 atropa-tipped darts
Armour
 c - a +0 buckler (worn)
 f - a +2 pair of boots (worn)
 t - a +0 chain mail (worn)
Jewellery
 b - a ring of fire
 i - a ring of positive energy (left hand)
 n - a +6 ring of strength (right hand)
Scrolls
 m - a scroll of teleportation
 q - a scroll of identify
Potions
 d - a potion of might
 g - a potion of curing
 h - 2 potions of berserk rage


   Skills:
 + Level 4.4 Fighting
 + Level 3.0 Long Blades
 + Level 4.9 Armour
 + Level 1.8 Dodging
 + Level 0.1 Stealth
 + Level 4.7 Shields


You had 4 spell levels left.
You didn't know any spells.
Your spell library was empty.

Dungeon Overview and Level Annotations

Branches:
Dungeon (4/15)
 Temple: D:4-7

Altars:
Hepliaklqana
Zin

Annotations:
D:4 Sigmund


Innate Abilities, Weirdness & Mutations

You have a pair of horns on your head.
You reflexively headbutt those who attack you in melee.


Message History

Sigmund refuses to make way for you. (Use ctrl+direction or * direction to attack.) Sigmund refuses to make way for you. (Use ctrl+direction or * direction to attack.)
You hit Sigmund.
Sigmund is moderately wounded.
Sigmund barely misses you. Sigmund completely misses you.
You closely miss Sigmund. You headbutt Sigmund!
Sigmund is heavily wounded.
Sigmund barely misses you.
You closely miss Sigmund.
Sigmund is heavily wounded.
Sigmund is no longer moving quickly.
Sigmund no longer looks unusually strong.
Sigmund is no longer in an insane frenzy.
Sigmund barely misses you.
You closely miss Sigmund. Your headbutt misses Sigmund.
Sigmund is heavily wounded.
You block Sigmund's attack.
You completely miss Sigmund. You headbutt Sigmund.
Sigmund is heavily wounded.
You slash Sigmund!
Sigmund is almost dead.
Sigmund drinks a potion.
Sigmund seems to grow stronger.
You hit Sigmund.
Sigmund is almost dead.
Sigmund gestures wildly while chanting.
Sigmund flickers and vanishes!
Deactivating autopickup; reactivate with Ctrl-A.
You miss something. Your headbutt misses something.
You hear some strange, mumbled words.
Something tries to affect you, but you resist.
Your chain mail prevents you from hitting something.
You hear some strange, mumbled words.
You are confused.
You're too confused to attack without stumbling around!
You're too confused to attack without stumbling around!
You're too confused to attack without stumbling around!
You're too confused to attack without stumbling around!
You completely miss something. Your headbutt misses something.
Something hits you!
You die...

#......##+##.# #.......
###...........# #.......
##........... #....##..
####........... #........
###.#........... #.........
#.............. ...........
###..#......###............
####.....................
###....{@........
#........##......
#............#...
##...##......# .
##.##......... #..
.......#.# #.........## #
............ ... ....


There were no monsters in sight!

Vanquished Creatures
  Robin (D:4)
  2 gnolls
  5 adders
  A worm (D:4)
  3 dart slugs
  5 ball pythons
  2 endoplasms
  2 giant cockroaches
  11 goblins
  10 hobgoblins
  3 kobolds
  5 quokkas
  5 bats
  4 frilled lizards
  A rat (D:1)
60 creatures vanquished.

Vanquished Creatures (collateral kills)
  A gnoll (D:4)
1 creature vanquished.

Vanquished Creatures (others)
  A gnoll (D:4)
1 creature vanquished.

Grand Total: 62 creatures vanquished

Notes
Turn   | Place    | Note
-------+----------+-------------------------------------------
     0 | D:1      | zdrol the Minotaur Fighter began the quest for the Orb.
     0 | D:1      | Reached XP level 1. HP: 19/19 MP: 0/0
   215 | D:1      | Reached XP level 2. HP: 23/27 MP: 1/1
   853 | D:2      | Reached XP level 3. HP: 30/33 MP: 2/2
   858 | D:2      | Reached skill level 1 in Dodging
  1363 | D:2      | Reached XP level 4. HP: 39/40 MP: 3/3
  1711 | D:3      | Found a glowing silver altar of Zin.
  1751 | D:3      | Found a hazy altar of Hepliaklqana.
  2558 | D:4      | Noticed Robin
  2571 | D:4      | Reached XP level 5. HP: 39/47 MP: 4/4
  2576 | D:4      | Killed Robin
  2793 | D:4      | Noticed Sigmund
  2821 | D:4      | Slain by Sigmund

Illustrated notes

Levels and vault maps discovered:
D:1:      mrwooster_arrival_statue_2, layout_basic, serial_park_tiny_2
D:2:      layout_basic
D:3:      layout_rooms, mainiacjoe_overflow_two_lobes, kennysheep_generic_room_3
D:4:      layout_cave_pools, serial_shops, shop, minmay_ogre_servants,
          uniq_robin, uniq_duvessa, uniq_sigmund, uniq_crazy_yiuf_cottage

Skill      XL: |  1  2  3  4 |
---------------+-------------+-----
Armour         | 4 |  4.9
Shields        | 4 |  4.7
Fighting       | 4 |  4.4
Dodging        | 1 |  1.8
Long Blades    | 3 |  3.0
Stealth        | |  0.1

Action                   |  1- 3 |  4- 6 || total
-------------------------+-------+-------++-------
Melee: Long sword        |    61 |    59 ||   120
       Headbutt          |     2 |    13 ||    15
Throw: Dart              |     1 |     3 ||     4
  Use: Scroll            |     2 |     3 ||     5
       Potion            |       |     6 ||     6
Armor: Scale mail        |    28 |     5 ||    33
       Chain mail        |       |    40 ||    40
       Skin              |       |     1 ||     1
Dodge: Dodged            |    40 |    49 ||    89
Block: Buckler           |    15 |    19 ||    34

Table legend: (Time is in decaauts)
 A = Elapsed time spent in this place.
 B = Non-inter-level travel time spent in this place.
 C = Inter-level travel time spent in this place.
 D = Time resting spent in this place.
 E = Time spent auto-exploring this place.
 F = Levels seen in this place.
 G = Mean time per level.
                   A        B        C        D        E       F      G
               +--------+--------+--------+--------+--------+-----+--------+
         Total |   2857 |   2857 |      0 |    389 |    633 |   4 |  714.2 |
       Dungeon |   2857 |   2857 |      0 |    389 |    633 |   4 |  714.2 |
               +--------+--------+--------+--------+--------+-----+--------+

Top non-repeatable levels by time:
     D:2: 861 daAuts
     D:3: 836 daAuts
     D:1: 733 daAuts
     D:4: 427 daAuts
